 Dungeon Crawl Stone Soup version 0.30.0-29-ga12c61a403 (webtiles) character file.

Game seed: 14208904279817843115

2506 Bnni the Geomancer (level 9, -1/68 HPs)
             Began as a Formicid Earth Elementalist on June 23, 2023.
             Was a Follower of Cheibriados.
             Slain by a wight
             ... wielding a +2 halberd
              (7 damage)
             ... on level 7 of the Dungeon.
             The game lasted 00:15:16 (6672 turns).

Bnni the Geomancer (Formicid Earth Elementalist)    Turns: 6672, Time: 00:15:17

Health: -1/68      AC: 11    Str: 15    XL:     9   Next: 83%
Magic:  17/17      EV: 11    Int: 27    God:    Cheibriados [*.....]
Gold:   340        SH:  0    Dex: 16    Spells: 9/19 levels left

rFire   + . .        C - +3 spear (venom)
rCold   + . .        (no shield)
rNeg    . . .        u - +3 ring mail {rC+}
rPois   .            (helmet unavailable)
rElec   .            A - +1 cloak
rCorr   .            (no gloves)
SInv    +            (no boots)
Will    .....        k - amulet of faith
Stlth   ++           n - +6 ring of intelligence
HPRegen 0.31/turn    o - ring of protection from fire
MPRegen 0.15/turn

%: faith
@: very slow
A: permanent stasis, dig shafts and tunnels, antennae 3, four strong arms
a: Dig, Shaft Self, Renounce Religion, Bend Time


You were on level 7 of the Dungeon.
You worshipped Cheibriados.
Cheibriados was aware of your devotion.
You visited 2 branches of the dungeon, and saw 8 of its levels.

You collected 340 gold pieces.

Inventory:

Hand Weapons
 z - a +4 long sword of flaming
 C - a +3 spear of venom (weapon)
Missiles
 r - 14 poisoned darts
 y - a throwing net
Armour
 u - a +3 ring mail of cold resistance (worn)
 A - a +1 cloak (worn)
 B - a scarf of resistance
Jewellery
 k - an amulet of faith (around neck)
 n - a +6 ring of intelligence (left hand)
 o - a ring of protection from fire (right hand)
Wands
 d - a wand of polymorph (7)
 x - a wand of charming (11)
Scrolls
 e - a scroll of torment {unknown}
 g - a scroll of brand weapon {unknown}
 h - a scroll of fog {unknown}
 m - 2 scrolls of magic mapping {unknown}
 p - 2 scrolls of butterflies {unknown}
 q - 3 scrolls of immolation {unknown}
 s - a scroll of amnesia {unknown}
 t - 3 scrolls of enchant armour {unknown}
 w - 2 scrolls of teleportation {unknown}
Potions
 b - a potion of magic
 c - a potion of heal wounds
 f - a potion of curing
 i - 3 potions of mutation
 j - a potion of flight
 l - 2 potions of brilliance
 v - a potion of ambrosia


   Skills:
 + Level 5.5 Fighting
 + Level 4.5 Armour
 - Level 1.7 Dodging
 - Level 2.4 Stealth
 + Level 5.6 Spellcasting
 - Level 3.0 Conjurations
 - Level 3.0 Transmutations
 * Level 9.7 Earth Magic
 * Level 3.2 Invocations


You had 9 spell levels left.
You knew the following spells:

 Your Spells              Type           Power      Damage    Failure   Level
a - Sandblast             Erth           100%       2d20      1%          1
b - Passwall              Tmut/Erth      34%        N/A       1%          2
c - Stone Arrow           Conj/Erth      82%        3d12      2%          3
d - Petrify               Tmut/Erth      41%        N/A       9%          4

Your spell library contained the following spells:

 Spells                   Type           Power      Damage    Failure   Level
 Scorch                   Fire           14%        2d5       19%         2
 Inner Flame              Hex/Fire       7%         N/A       36%         3
 Summon Guardian Golem    Hex/Summ       7%         N/A       36%         3
 Flame Wave               Conj/Fire      15%        2d7       56%         4
 Sticky Flame             Conj/Fire      15%        2d4       56%         4
 Summon Cactus Giant      Summ           3%         N/A       100%        6
 Orb of Destruction       Conj           11%        9d6       100%        7
 Spellforged Servitor     Conj/Summ      7%         N/A       100%        7


Dungeon Overview and Level Annotations

Branches:
Dungeon (7/15)             Temple (1/1) D:6

Altars:
Ashenzari
Cheibriados
Dithmenos
Elyvilon
Fedhas
Gozag
Kikubaaqudgha
Okawaru
Sif Muna
Trog
Uskayaw
Vehumet
Wu Jian
Xom

Annotations:
D:1 1 transporter


Innate Abilities, Weirdness & Mutations

You cannot be hasted, slowed, berserked, paralysed or teleported.
You can dig through walls and to a lower floor.
You have a pair of large antennae on your head. (SInv)
Your four strong arms can wield two-handed weapons with a shield.


Message History

The vampire mosquito draws strength from your injuries!
The vampire mosquito bites you.
The vampire mosquito draws strength from your injuries!
Reach: C) +3 spear (venom)
Press: ? - help, Dir - move target, f/p - ogre
Aim: an ogre, wielding a +0 giant spiked club (about 21% to evade your +3 spear of venom)
The vampire mosquito is in the way.
You puncture the vampire mosquito! Your punch misses the vampire mosquito.
The vampire mosquito is moderately damaged.
The vampire mosquito bites you.
The vampire mosquito draws strength from your injuries!
The vampire mosquito bites you but does no damage.
Reach: C) +3 spear (venom)
Press: ? - help, Dir - move target, f/p - ogre
Aim: an ogre, wielding a +0 giant spiked club (about 21% to evade your +3 spear of venom)
The vampire mosquito is in the way.
You puncture the vampire mosquito!
The vampire mosquito is heavily damaged.
The vampire mosquito closely misses you. x2
Reach: C) +3 spear (venom)
Press: ? - help, Dir - move target, f/p - ogre
Aim: an ogre, wielding a +0 giant spiked club (about 21% to evade your +3 spear of venom)
You reach to attack!
You hit the ogre.
The ogre is lightly wounded.
The vampire mosquito closely misses you.
The vampire mosquito bites you!
* * * LOW HITPOINT WARNING * * *
The vampire mosquito draws strength from your injuries!
Reach: C) +3 spear (venom)
Press: ? - help, Dir - move target, f/p - ogre
Aim: an ogre, wielding a +0 giant spiked club (lightly wounded, about 21% to evade your +3 spear of venom)
The vampire mosquito is in the way.
You barely miss the vampire mosquito.
The vampire mosquito is moderately damaged.
The vampire mosquito bites you but does no damage.
The wight hits you from afar with a +2 halberd!
* * * LOW HITPOINT WARNING * * *
The vampire mosquito bites you.
* * * LOW HITPOINT WARNING * * *
The vampire mosquito draws strength from your injuries!
The wight hits you from afar with a +2 halberd!
You die...

####........##.....#
###..................#
.#..............#.....# {
.....................)#
......)..........)###.# ##+##
.................))...### #...###
..............zzz..)....###...#..
..............Oy###..).#..##.....
##............##@##.##)..........
#..........>.####..###..........
#.......#....# ##.# #..#.......
⌠........##...... #.. #..#...#...
.#.......#..........##...#..##...
.#..............#.......###.##...
###.###.......## ##..## #.#....
?.. #.# ....# ..# #...... .. #.
... ... #..#...


You could see a vampire mosquito, an ogre and 2 wights.

Vanquished Creatures
  Sigmund (D:2)
  A wyvern (D:7)
  A steam dragon (D:6)
  A vampire mosquito (D:7)
  Edmund (D:5)
  Duvessa (D:5)
  2 black bears (D:5)
  A tengu (D:6)
  2 phantoms (D:5)
  Blork the orc (D:5)
  A gnoll sergeant (D:6)
  A scorpion (D:4)
  4 wights (D:7)
  Dowan (D:5)
  A howler monkey (D:6)
  3 hounds
  3 gnoll boudas
  An orc priest (D:6)
  2 jellies
  4 iguanas
  5 orc wizards
  16 gnolls
  9 adders
  4 dart slugs
  20 orcs
  6 endoplasms
  3 giant cockroaches
  6 hobgoblins
  6 jackals (D:4)
  3 quokkas
  3 ball pythons
  7 bats
  3 frilled lizards (D:2)
  8 goblins
  9 kobolds
  A rat (D:2)
142 creatures vanquished.

Notes
Turn   | Place    | Note
-------+----------+-------------------------------------------
     0 | D:1      | Bnni the Formicid Earth Elementalist began the quest for
                  | the Orb.
     0 | D:1      | Reached XP level 1. HP: 13/13 MP: 3/3
   259 | D:1      | Reached XP level 2. HP: 19/19 MP: 3/5
   814 | D:2      | Reached skill level 4 in Earth Magic
   814 | D:2      | Reached XP level 3. HP: 25/25 MP: 3/6
   854 | D:2      | Noticed Sigmund
   857 | D:2      | Reached skill level 1 in Conjurations
   877 | D:2      | HP: 1/20 [Sigmund/+0 scythe (1)]
   879 | D:2      | Killed Sigmund
   880 | D:2      | Reached skill level 1 in Fighting
   880 | D:2      | Reached skill level 5 in Earth Magic
   880 | D:2      | Reached XP level 4. HP: 2/32 MP: 0/8
   880 | D:2      | Reached XP level 5. HP: 2/37 MP: 0/9
  1002 | D:2      | Reached XP level 6. HP: 39/43 MP: 8/10
  2426 | D:3      | Learned a level 2 spell: Passwall
  2430 | D:3      | Learned a level 3 spell: Stone Arrow
  2435 | D:3      | Learned a level 4 spell: Petrify
  2635 | D:4      | Reached XP level 7. HP: 41/50 MP: 4/11
  3189 | D:4      | Reached skill level 6 in Earth Magic
  3701 | D:5      | Entered Level 5 of the Dungeon
  3701 | D:5      | Noticed Blork the orc
  3705 | D:5      | Killed Blork the orc
  3788 | D:5      | Reached skill level 1 in Armour
  3900 | D:5      | Noticed Duvessa
  3914 | D:5      | Noticed Dowan
  3921 | D:5      | Killed Duvessa
  3922 | D:5      | Reached XP level 8. HP: 32/58 MP: 10/14
  3923 | D:5      | Killed Dowan
  3924 | D:5      | Reached skill level 7 in Earth Magic
  4256 | D:5      | Noticed Edmund
  4567 | D:5      | Identified the +6 flail "Fygipe" {pain, Str+3}
  4647 | D:5      | Killed Edmund
  4648 | D:5      | Reached skill level 8 in Earth Magic
  5313 | D:6      | Noticed Maggie
  5314 | D:6      | Reached XP level 9. HP: 58/66 MP: 16/16
  5314 | D:6      | Maggie changed into Maggie the tengu
  5314 | D:6      | Noticed Maggie
  5336 | D:6      | Killed Maggie the tengu
  5337 | D:6      | Reached skill level 5 in Spellcasting
  5622 | D:6      | Reached skill level 5 in Fighting
  5622 | D:6      | Reached skill level 9 in Earth Magic
  5622 | D:6      | Found a staircase to the Ecumenical Temple.
  5631 | Temple   | Entered the Ecumenical Temple
  5660 | Temple   | Became a worshipper of Cheibriados the Contemplative
  5754 | D:6      | Reached skill level 1 in Invocations
  6568 | D:7      | Reached * piety under Cheibriados
  6672 | D:7      | Slain by a wight

Illustrated notes

Levels and vault maps discovered:
D:1:      spicycebolla_arrival_risky_transporter, layout_loops_ring
D:2:      layout_rooms, chequers_serial_rivers_small_b, uniq_sigmund
D:3:      layout_loops_ring
D:4:      layout_loops_cross, roderic_lattice_a, kennysheep_generic_room_6
D:5:      layout_gridville, uniq_duvessa, uniq_edmund, uniq_blork_the_orc
D:6:      layout_basic, minmay_temple_entry_proselytizer, nicolae_grassy_gnolls,
          uniq_maggie
D:7:      layout_cave_pools, grunt_temple_overflow_order_and_chaos_2,
          mainiacjoe_overflow_small_starburst, gammafunk_ghost_grave,
          minmay_chambers_of_fives
Temple:   nicolae_temple_ecumenical_triangle

Skill      XL: |  1  2  3  4  5  6  7  8  9 |
---------------+----------------------------+-----
Earth Magic    | 4 5 6 8 9 |  9.7
Conjurations   | 2 3 |  3.0
Fighting       | 1 2 3 4 5 |  5.5
Transmutations | 3 |  3.0
Spellcasting   | 3 4 5 |  5.6
Armour         | 1 3 4 |  4.5
Invocations    | 3 |  3.2
Dodging        | |  1.7
Stealth        | |  2.4

Action                     |  1- 3 |  4- 6 |  7- 9 || total
---------------------------+-------+-------+-------++-------
  Melee: Unarmed           |     6 |       |       ||     6
         Whip              |     2 |    11 |       ||    13
         Short sword       |       |     7 |    22 ||    29
         Punch             |       |       |     1 ||     1
         Dire flail        |       |       |    37 ||    37
         Flail             |       |       |     9 ||     9
         Spear             |       |       |     9 ||     9
  Throw: Dart              |       |       |    17 ||    17
         Throwing net      |       |       |     3 ||     3
   Cast: Sandblast         |    28 |    67 |   128 ||   223
         Stone Arrow       |       |       |     3 ||     3
         Passwall          |       |       |     2 ||     2
Ability: Dig               |     1 |       |     2 ||     3
  Evoke: Wand              |       |       |     1 ||     1
    Use: Potion            |     1 |     1 |     4 ||     6
         Scroll            |       |     4 |     3 ||     7
   Stab: Sleeping          |       |     1 |     1 ||     2
         Held in net/web   |       |       |     1 ||     1
 Armour: Robe              |     2 |    20 |    14 ||    36
         Ring mail         |       |       |    41 ||    41
  Dodge: Dodged            |     9 |    48 |   138 ||   195
